 Dungeon Crawl Stone Soup version 0.13.1-17-g0f9d4ff (webtiles) character file.

150 Chiseanne the Ducker (level 4, -1/33 HPs)
             Began as a Merfolk Transmuter on Dec 16, 2013.
             Slain by a worm (5 damage)
             ... on Level 2 of the Dungeon.
             The game lasted 00:07:02 (3114 turns).

Chiseanne the Ducker (Merfolk Transmuter)           Turns: 3114, Time: 00:07:02

HP  -1/33        AC  2     Str 10      XL: 4   Next: 55%
MP   5/6         EV 13     Int 13      God:
Gold 61          SH  7     Dex 14      Spells:  2 memorised,  3 levels left

Res.Fire  : . . .   See Invis. : .   n - -1,+1 orc mace
Res.Cold  : . . .   Warding    : .   c - +0 robe
Life Prot.: . . .   Conserve   : .   r - +0 buckler
Res.Poison: .       Res.Corr.  : .   (no helmet)
Res.Elec. : .       Clarity    : .   (no cloak)
Sust.Abil.: . .     Spirit.Shd : .   (no gloves)
Res.Mut.  : .       Stasis     : .   (no boots)
Res.Rott. : .       Flight     : .   (no amulet)
Saprovore : . . .                    (no ring)
                                     (no ring)

@: very slightly contaminated, slightly resistant to hostile enchantments,
unstealthy
A: change form in water, swift swim
a: no special abilities


You were on level 2 of the Dungeon.
You were very hungry.

You visited 1 branch of the dungeon, and saw 2 of its levels.

You collected 41 gold pieces.

Inventory:

Hand weapons
 n - a -1,+1 orcish mace (weapon)
Missiles
 b - 12 arrows
Armour
 c - a +0 robe (worn)
 r - a +0 buckler (worn)
Comestibles
 a - 2 bread rations
 f - 2 pears
 l - a lemon
Scrolls
 e - 2 scrolls of random uselessness {unknown}
 g - 2 scrolls of teleportation {unknown}
 i - 3 scrolls of remove curse {unknown}
 j - a scroll of magic mapping {unknown}
 p - a scroll of identify {unknown}
 s - a scroll of enchant weapon II {unknown}
 t - a scroll of fear {unknown}
Potions
 h - a potion of flight {unknown}
 k - a potion of resistance
 m - a potion of curing
 o - a potion of might {unknown}
 q - a potion of restore abilities {unknown}
Books
 d - a book of Changes

   Spells                             Type                      Level
   *Beastly Appendage                 Transmutation                1
   Sticks to Snakes                   Transmutation                2
   *Spider Form                       Transmutation/Poison         3
   Ice Form                           Ice/Transmutation            4
   Blade Hands                        Transmutation                5


   Skills:
 * Level 2.2 Fighting
 * Level 5.0 Dodging
 - Level 3.2 Unarmed Combat
 - Level 2.0 Spellcasting
 * Level 3.5 Transmutations


You had 3 spell levels left.
You knew the following spells:

 Your Spells              Type           Power        Failure   Level  Hunger
a - Beastly Appendage     Trmt           ##....       10%         1    ##.....
b - Spider Form           Trmt/Pois      #.........   50%         3    ####...


Dungeon Overview and Level Annotations

Branches:
Dungeon (2/27)

Altars:
Elyvilon


Message History

Casting: Beastly Appendage
Confirm with . or Enter, or press ? or * to list all spells.
You miscast Beastly Appendage.
You are very lightly contaminated with residual magic.
Your skin tingles.
You sock the worm!
The worm is severely wounded.
The worm bites you.
* * * LOW HITPOINT WARNING * * *
You hit the worm but do no damage.
The worm is severely wounded.
The worm bites you.
* * * LOW HITPOINT WARNING * * *
You hit the worm.
The worm is almost dead.
The worm misses you.
You barely miss the worm.
The worm is almost dead.
The worm bites you.
You die...

......#..##.#
......#)###.#
.....##)###.####
##.####......... ♣
..........#.####♣ ♣♣♣
#...............♣ .PP♣
#####.....#.###♣♣PP...PP
..)............♣♣P?....P♣
...##.#####.##..@w..⌠....
...##.# #.###♣♣P.....P♣
...##.# #.# #♣♣PP...PP
#####.# ##.## .PP♣ # #.#
#...# ♣♣♣
#####.####...#####♣♣. ♣
........##...........
............#########
##...>.....##


You could see a worm.

Vanquished Creatures
  2 adders (D:2)
  3 worms (D:2)
  An ooze (D:1)
  4 bats
  5 giant cockroaches
  8 goblins
  9 hobgoblins
  A jackal (D:1)
  4 kobolds
  A quokka (D:2)
  3 giant geckos
  4 giant newts
  3 rats
48 creatures vanquished.

Notes
Turn   | Place    | Note
--------------------------------------------------------------
     0 | D:1      | Chiseanne, the Merfolk Transmuter, began the quest for the Orb.
     0 | D:1      | Reached XP level 1. HP: 15/15 MP: 1/1
   511 | D:1      | Reached XP level 2. HP: 18/21 MP: 0/3
  1256 | D:1      | Reached XP level 3. HP: 21/26 MP: 2/4
  1459 | D:2      | Reached skill level 4 in Dodging
  2284 | D:2      | Reached XP level 4. HP: 25/33 MP: 3/6
  2289 | D:2      | Learned a level 3 spell: Spider Form
  2675 | D:2      | Found a white marble altar of Elyvilon.
  2837 | D:2      | Reached skill level 5 in Dodging
  3114 | D:2      | Slain by a worm

Action                   |  1- 3 |  4- 6 || total
-------------------------+-------+-------++-------
Melee: Whip              |   135 |       ||   135
       Club              |    13 |       ||    13
       Unarmed           |     2 |       ||     2
       Mace              |    10 |    82 ||    92
 Cast: Beastly Appendage |    26 |     9 ||    35
  Use: Potion            |     3 |       ||     3
